 Dungeon Crawl Stone Soup version 0.30-a0-159-g068b764562 (webtiles) character file.

Game seed: 9743874476194750685

3170 zishaf the Magician (level 10, 0/72 HPs)
             Began as a Djinni Venom Mage on Sept 27, 2022.
             Was a Believer of Makhleb.
             Slain by a vampire (11 damage)
             ... on level 6 of the Dungeon.
             The game lasted 00:17:38 (9656 turns).

zishaf the Magician (Djinni Venom Mage)             Turns: 9656, Time: 00:17:38

Health: 0/72       AC:  7    Str:  7    XL:     10   Next: 16%
Gold:   330        EV: 12    Int: 21    God:    Makhleb [**....] SH:  5 Dex: 14

rFire   + + +      SeeInvis .    a - +2 dagger (elec)
rCold   x . .      Faith    .    r - +0 buckler
rNeg    + . .      Spirit   .    j - +1 robe {Will+}
rPois   ∞          Reflect  .    A - +0 helmet
rElec   .          Harm     .    n - +0 cloak
rCorr   .          Rampage  .    b - +1 pair of gloves
Will    ++...                    (boots unavailable)
Stlth   ++........               (no amulet)
HPRegen 0.22/turn                c - ring of positive energy
MPRegen 0.00/turn                l - ring of protection from fire

@: flying
A: sickness immunity, fire resistance 2, cold vulnerability 1, float, innate
caster, HP casting, extra vitality 1
a: Renounce Religion, Minor Destruction


You were on level 6 of the Dungeon.
You worshipped Makhleb.
Makhleb was pleased with you.
You visited 1 branch of the dungeon, and saw 7 of its levels.

You collected 363 gold pieces.
You spent 33 gold pieces at shops.

Inventory:

Hand Weapons
 a - a +2 dagger of electrocution (weapon)
 q - a +1 dagger of venom
Missiles
 s - a throwing net
Armour
 b - a +1 pair of gloves (worn)
 j - a +1 robe of willpower (worn)
 n - a +0 cloak (worn)
 r - a +0 buckler (worn)
 A - a +0 helmet (worn)
Jewellery
 c - a ring of positive energy (left hand)
 l - a ring of protection from fire (right hand)
 p - a ring of fire
 x - a +6 ring of dexterity
Wands
 u - a wand of quicksilver (13)
 w - a wand of flame (31)
 C - a wand of digging (4)
Scrolls
 e - 3 scrolls of blinking
 m - 2 scrolls of silence
 B - a scroll of teleportation
 F - a scroll of vulnerability
Potions
 d - 2 potions of cancellation
 f - 2 potions of heal wounds
 g - a potion of haste
 i - a potion of brilliance {unknown}
 k - 5 potions of curing
 o - a potion of resistance {unknown}
 t - 2 potions of might
 v - a potion of lignification {unknown}
 E - a potion of flight {unknown}


   Skills:
 + Level 6.0 Fighting
 - Level 2.1 Dodging
 - Level 1.5 Stealth
 - Level 5.0 Shields
 * Level 7.2 Spellcasting
 + Level 4.7 Invocations
 - Level 4.0 Evocations


You had 4 spell levels left.
You knew the following spells:

 Your Spells              Type           Power      Damage    Failure   Level
a - Sting                 Tmut/Pois      100%       1d8       1%          1
b - Poisonous Vapours     Pois/Air       74%        N/A       1%          2
c - Dazzling Flash        Conj/Hex       74%        N/A       1%          3
z - Mephitic Cloud        Conj/Pois/Air  37%        N/A       1%          3
A - Foxfire               Conj/Fire      100%       2x1d9     1%          1
B - Olgreb's Toxic Radia  Pois           37%        N/A       5%          4
C - Static Discharge      Conj/Air       74%        2-6/arc   1%          2
D - Summon Guardian Gole  Hex/Summ       37%        N/A       1%          3
Your spell library was empty.

Dungeon Overview and Level Annotations

Branches:
Dungeon (7/15)
 Temple: D:4-7

Altars:
Ashenzari
Gozag
Makhleb
Qazlal
Uskayaw
Wu Jian
Xom
Yredelemnul
The Shining One

Shops:
D:2 *   D:3 !

Annotations:
D:3 3 runed translucent doors, ragingrage's ghost, amateur DsAr
D:4 Eustachio


Innate Abilities, Weirdness & Mutations

You are immune to sickness and miasma.
You are immune to poison.
Your flesh is very heat resistant. (rF++)
You are vulnerable to cold. (rC-)
You float through the air rather than walking.
You learn spells naturally, not from books.
Your magical power is your life essence.
You have superior vitality. (+4 MHP)


Message History

The foxfire hits something but does no damage.
The foxfire hits something.
Something hits you. Something bites you.
Casting: Foxfire (safe; 1% risk of failure)
Confirm with . or Enter, or press ? or * to list all spells.
You conjure some foxfire!
The foxfire hits something.
The foxfire hits something but does no damage.
Something hits you but does no damage. Something completely misses you.
Casting: Foxfire (safe; 1% risk of failure)
Confirm with . or Enter, or press ? or * to list all spells.
You conjure some foxfire!
The foxfire hits something but does no damage.
The foxfire hits something.
Something hits you but does no damage. You block something's attack.
Casting: Foxfire (safe; 1% risk of failure)
Confirm with . or Enter, or press ? or * to list all spells.
You conjure some foxfire!
The foxfire hits something but does no damage. x2
Something hits you! Something bites you.
Casting: Foxfire (safe; 1% risk of failure)
Confirm with . or Enter, or press ? or * to list all spells.
You conjure some foxfire!
The foxfire hits something but does no damage. x2
You block something's attack. Something bites you but does no damage.
Casting: Foxfire (safe; 1% risk of failure)
Confirm with . or Enter, or press ? or * to list all spells.
You conjure some foxfire!
The foxfire hits something but does no damage. x2
Something hits you! Something bites you.
Casting: Foxfire (safe; 1% risk of failure)
Confirm with . or Enter, or press ? or * to list all spells.
You conjure some foxfire!
The foxfire hits something. x2; Something hits you!
* * * LOW HITPOINT WARNING * * *
Something bites you!
* * * LOW HITPOINT WARNING * * *
Your foxfire dissipates!
The foxfire hits something.
You feel much better. Something hits you!
* * * LOW HITPOINT WARNING * * *
Something bites you!
You die...

#...####..... #
....#.......# .
.........#..# #.
#.......# #..## #..
#...#..# #..###.#.
##....# #....#.. #....#
##....... #.{.##
#..##.... . ##@.#
###..##..## ....##..##
###....##..#
.........###......##..##
....#####.........##....
... #.###.....#..### ..
#.# ####....## . #.#
#.##.# ### ####.# ###


There were no monsters in sight!

Vanquished Creatures
  Pikel (D:4)
  Sigmund (D:3)
  A basilisk (D:6)
  Menkaure (D:4)
  Edmund (D:4)
  An ice beast (D:5)
  A black bear (D:4)
  3 ogres
  2 phantoms (D:5)
  A necrophage (D:6)
  A scorpion (D:5)
  5 wights (D:6)
  5 howler monkeys
  Crazy Yiuf (D:4)
  4 hounds
  3 orc priests
  A jelly (D:5)
  Terence (D:3)
  2 iguanas
  6 orc wizards
  26 gnolls
  8 adders
  A white imp (D:6)
  An ufetubus (D:5)
  A worm (D:5)
  5 dart slugs
  31 orcs
  9 ball pythons
  6 bats
  7 endoplasms
  3 giant cockroaches
  7 goblins
  5 hobgoblins
  18 jackals
  5 kobolds
  9 quokkas
  A ball python zombie (D:3)
  11 frilled lizards
  A quokka zombie (D:3)
  6 rats
203 creatures vanquished.

Vanquished Creatures (collateral kills)
  A foxfire (D:4)
1 creature vanquished.

Vanquished Creatures (others)
  539 foxfires
  17 fungi (D:4)
  11 plants (D:1)
567 creatures vanquished.

Grand Total: 771 creatures vanquished

Notes
Turn   | Place    | Note
-------+----------+-------------------------------------------
     0 | D:1      | zishaf the Djinni Venom Mage began the quest for the Orb.
     0 | D:1      | zishaf set off with the following spells memorised: Sting,
                  | Poisonous Vapours, Mephitic Cloud, Olgreb's Toxic Radiance.
     0 | D:1      | Reached XP level 1. HP: 15/15 MP: 0/0
   344 | D:1      | Reached XP level 2. HP: 21/22 MP: 0/0
   652 | D:1      | Reached skill level 1 in Fighting
   976 | D:1      | Reached XP level 3. HP: 25/27 MP: 0/0
   976 | D:1      | Learned a level 1 spell: Foxfire
  1066 | D:1      | Reached skill level 3 in Spellcasting
  1809 | D:2      | Reached XP level 4. HP: 26/33 MP: 0/0
  1998 | D:2      | Found Nynup's Assorted Antiques.
  2066 | D:2      | Found a faded altar of an unknown god.
  2175 | D:2      | Reached XP level 5. HP: 36/38 MP: 0/0
  2175 | D:2      | Learned a level 2 spell: Static Discharge
  2852 | D:3      | Reached skill level 4 in Spellcasting
  3045 | D:3      | Noticed Terence
  3055 | D:3      | Killed Terence
  3056 | D:3      | Reached skill level 1 in Shields
  3056 | D:3      | Reached XP level 6. HP: 36/45 MP: 0/0
  3200 | D:3      | Found Paurun's Distillery.
  3675 | D:3      | Found a runed translucent gate.
  3675 | D:3      | Found a runed translucent gate.
  3675 | D:3      | Found a runed translucent gate.
  3675 | D:3      | Noticed ragingrage's ghost (amateur DsAr)
  3677 | D:3      | Found a basalt altar of Yredelemnul.
  3903 | D:3      | Found a glowing golden altar of the Shining One.
  3904 | D:3      | Found an opulent altar of Gozag.
  3904 | D:3      | Found a shimmering altar of Xom.
  3905 | D:3      | Found a hide-covered altar of Uskayaw.
  3981 | D:3      | Reached skill level 1 in Evocations
  4125 | D:3      | Found an ornate altar of the Wu Jian Council.
  4125 | D:3      | Noticed Sigmund
  4138 | D:3      | Killed Sigmund
  4139 | D:3      | Reached XP level 7. HP: 39/50 MP: 0/0
  4139 | D:3      | Learned a level 3 spell: Summon Guardian Golem
  4401 | D:3      | Bought a potion of curing for 33 gold pieces
  4683 | D:4      | Found a burning altar of Makhleb.
  4692 | D:4      | Became a worshipper of Makhleb the Destroyer
  5300 | D:4      | Found a runed translucent door.
  5301 | D:4      | Noticed Crazy Yiuf
  5311 | D:4      | Killed Crazy Yiuf
  5596 | D:4      | Reached * piety under Makhleb
  5769 | D:4      | Reached skill level 5 in Spellcasting
  5769 | D:4      | Reached skill level 1 in Invocations
  5769 | D:4      | Reached XP level 8. HP: 54/58 MP: 0/0
  6205 | D:4      | Noticed Edmund
  6230 | D:4      | Killed Edmund
  6468 | D:4      | Noticed Menkaure
  6478 | D:4      | Killed Menkaure
  6946 | D:4      | Noticed Pikel
  6962 | D:4      | Reached XP level 9. HP: 26/63 MP: 0/0
  6962 | D:4      | Learned a level 3 spell: Dazzling Flash
  6974 | D:4      | Killed Pikel
  6975 | D:4      | Reached skill level 5 in Fighting
  6975 | D:4      | Reached skill level 6 in Spellcasting
  7256 | D:4      | Noticed Eustachio
  7259 | D:4      | You are sucked into a shaft and drop 3 floors!
  7283 | D:6      | Found a broken altar of Ashenzari.
  7346 | D:6      | Reached ** piety under Makhleb
  7349 | D:5      | Entered Level 5 of the Dungeon
  8079 | D:5      | Found a stormy altar of Qazlal.
  8934 | D:6      | Reached XP level 10. HP: 65/72 MP: 0/0
  8989 | D:6      | Reached skill level 5 in Shields
  8993 | D:6      | Reached skill level 7 in Spellcasting
  9656 | D:6      | Slain by a vampire

Illustrated notes

Levels and vault maps discovered:
D:1:      shiori_arrival_maze, layout_basic, serial_forest,
          infiniplex_forest_straight_2, infiniplex_forest_clump_double,
          infiniplex_forest_lined_4_way, infiniplex_forest_clump_curved,
          infiniplex_forest_lined_2, infiniplex_forest_corner_1,
          infiniplex_forest_zigzag_1, infiniplex_forest_clump_C,
          infiniplex_forest_lined_1, infiniplex_forest_lined_3_way,
          minmay_lizard_king
D:2:      layout_rooms, serial_shops, nicolae_shop_trees,
          hellmonk_ecumenical_altar_pennies_from_heaven, minmay_misc_feat_room,
          kennysheep_generic_room_3
D:3:      layout_basic, nicolae_wu_jian_glorious_leap,
          nicolae_yredelemnul_ghost_church,
          chequers_temple_overflow_statue_of_worship, serial_shops,
          nicolae_shop_crystal, minmay_misc_feat_roman, minmay_unequal,
          uniq_terence, uniq_sigmund
D:4:      lemuel_castle_with_subvaults [lemuel_castle_interior_carwin_1],
          layout_loops_cross, mainiacjoe_overflow_cross_hatched, uniq_menkaure,
          uniq_pikel, uniq_edmund, uniq_crazy_yiuf_cottage, uniq_eustachio
D:5:      cheibrodos_iron_armory, layout_loops_corners,
          nicolae_qazlal_eye_of_the_storm, minmay_increasing_density
D:6:      hellmonk_crumbling_castle, layout_layer_cave,
          nicolae_ashenzari_panopticon, minmay_temple_entry_enclosed_plants,
          kb_rosetta
D:7:      layout_basic, minitemple

Skill      XL: |  1  2  3  4  5  6  7  8  9 10 |
---------------+-------------------------------+-----
Fighting       | 1 2 3 4 5 6 |  6.0
Spellcasting   | 3 4 5 6 7 |  7.2
Shields        | 1 2 3 4 5 |  5.0
Evocations     | 1 2 3 4 |  4.0
Invocations    | 1 2 4 |  4.7
Dodging        | |  2.1
Stealth        | |  1.5

Action                   |  1- 3 |  4- 6 |  7- 9 | 10-12 || total
-------------------------+-------+-------+-------+-------++-------
Melee: Unarmed           |     1 |       |       |       ||     1
       Dagger            |    15 |    50 |   100 |     9 ||   174
 Cast: Sting             |    45 |    14 |       |       ||    59
       Foxfire           |    11 |    92 |   182 |    15 ||   300
       Poisonous Vapours |       |     3 |    20 |     8 ||    31
       Mephitic Cloud    |       |     5 |    17 |     1 ||    23
       Dazzling Flash    |       |       |     1 |       ||     1
       Static Discharge  |       |       |       |     9 ||     9
  Use: Scroll            |       |       |     9 |     6 ||    15
       Potion            |       |       |       |     1 ||     1
 Stab: Sleeping          |     3 |     4 |     2 |       ||     9
       Confused          |       |     1 |       |       ||     1
Armor: Robe              |     4 |    11 |    36 |     7 ||    58
Dodge: Dodged            |    16 |    22 |    63 |     9 ||   110
Block: Buckler           |       |     6 |    38 |     7 ||    51

Table legend: (Time is in decaauts)
 A = Elapsed time spent in this place.
 B = Non-inter-level travel time spent in this place.
 C = Inter-level travel time spent in this place.
 D = Time resting spent in this place.
 E = Time spent auto-exploring this place.
 F = Levels seen in this place.
 G = Mean time per level.
                   A        B        C        D        E       F      G
               +--------+--------+--------+--------+--------+-----+--------+
         Total |   9660 |   9438 |    222 |    526 |   7268 |   7 | 1380.0 |
       Dungeon |   9660 |   9438 |    222 |    526 |   7268 |   7 | 1380.0 |
               +--------+--------+--------+--------+--------+-----+--------+

Top non-repeatable levels by time:
     D:4: 2900 daAuts
     D:3: 2226 daAuts
     D:1: 1779 daAuts
     D:5: 1086 daAuts
     D:6: 892 daAuts
     D:2: 772 daAuts
     D:7: 2 daAuts
